Map: [ESL] Gresvan

Players

Dark

  • Race: Zerg Zerg

Oliveira - Winner!

  • Race: Terran Terran

Event: IEM Katowice 2023

VOD

Have the link to the VOD?

Description

Time

  • Played on: Feb. 9, 2023, 7:04 a.m.
  • Length: 37:57

All games in this series

Show
View Real Time Build Order
Export as new Build Order

Dark Zerg 

Build Orders: Hatch First 

Get SALT Encoding   

  12  0:00  Drone  
  13  0:12  Overlord  
  13  0:18  Drone  
  14  0:30  Drone  
  14  0:31  Drone  
  16  0:47  Hatchery  
  15  0:51  Drone  
  15  0:54  Drone  
  17  0:57  Drone  
  18  1:07  Extractor  
  17  1:13  Spawning Pool  
  17  1:15  Drone  
  17  1:20  Drone  
  18  1:28  Drone  
  19  1:39  Drone  
  20  1:50  Drone  
  21  1:59  Queen x2  
  21  2:00  Zergling x4  
  27  2:09  Metabolic Boost  
  27  2:12  Overlord  
  27  2:14  Zergling x2  
  28  2:27  Hatchery  
  27  2:31  Drone  
  27  2:35  Drone x2  
  30  2:44  Queen  
  29  2:48  Overlord  
  29  2:51  Drone  
  32  2:56  Overlord  
  32  2:59  Drone  
  32  3:03  Queen  
  35  3:07  Drone  
  35  3:08  Drone  
  37  3:14  Overlord  
  37  3:16  Drone  
  37  3:17  Drone  
  37  3:19  Drone  
  40  3:25  Queen  
  42  3:29  Drone  
  42  3:30  Drone  
  44  3:36  Drone x2  
  44  3:38  Drone  
  47  3:41  Queen  
  47  3:46  Drone x3  
  52  3:52  Drone  
  52  3:53  Drone x2  
  55  3:58  Drone x2  
  55  4:00  Drone  
  58  4:03  Queen  
  58  4:05  Drone x2  
  58  4:06  Drone  
  63  4:13  Overlord  
  65  4:19  Overlord  
  65  4:22  Overlord  
  65  4:23  Drone x2  
  65  4:29  Evolution Chamber  
  64  4:33  Drone x3  
  64  4:34  Zergling x2  
  64  4:35  Zergling x12  
  74  4:42  Hatchery  
  74  4:44  Zergling x8  
  77  4:48  Zergling x2  
  77  4:51  Drone  
  77  4:52  Drone  
  80  4:53  Extractor  
  80  4:54  Extractor, Drone  
  80  4:58  Zergling x2  
  80  5:00  Drone  
  80  5:04  Drone  
  82  5:09  Drone  
  82  5:13  Overlord x2  
  83  5:16  Hatchery  
  82  5:21  Zerg Ground Armor Level 1  
  81  5:29  Queen  
  81  5:30  Queen  
  76  5:38  Drone  
  76  5:39  Drone x9  
  76  5:42  Lair  
  81  5:43  Zergling x6  
  81  5:46  Baneling Nest  
  81  5:47  Zergling x8  
  87  5:54  Extractor, Zergling x6  
  89  5:58  Drone x2  
  89  6:00  Drone  
  89  6:02  Extractor, Drone x2  
  93  6:05  Zergling x4  
  95  6:13  Zergling x6  
  98  6:20  Zergling x2  
  98  6:21  Zergling x6  
  98  6:25  Zergling x4  
  104  6:29  Zergling x6  
  104  6:30  Baneling x3, Zergling x6  
  104  6:31  Baneling x6, Evolution Chamber  
  109  6:37  Drone  
  110  6:42  Overlord x2  
  110  6:43  Overlord  
  110  6:44  Hydralisk Den  
  109  6:49  Overlord  
  109  6:50  Overseer  
  109  6:51  Overlord  
  109  6:52  Overlord  
  108  6:54  Overlord  
  108  6:56  Overlord  
  108  6:58  Zerg Melee Weapons Level 1  
  108  6:59  Centrifugal Hooks  
  108  7:00  Drone x3  
  111  7:02  Drone x6  
  111  7:07  Drone  
  111  7:08  Drone x3  
  114  7:16  Zergling x16  
  114  7:20  Zerg Ground Armor Level 2  
  119  7:26  Zergling x18  
  119  7:28  Baneling x6  
  119  7:29  Baneling  
  116  7:30  Zergling x4  
  116  7:38  Hydralisk x4  
  120  7:45  Zergling x2  
  120  7:46  Zergling x12  
  120  7:48  Drone x2  
  120  7:50  Grooved Spines  
  125  7:51  Drone  
  125  7:52  Drone  
  125  7:53  Drone  
  125  7:54  Drone  
  125  7:55  Drone x2  
  130  8:00  Hydralisk x3  
  130  8:05  Hydralisk x2  
  140  8:11  Zergling x2  
  140  8:12  Zergling x14  
  148  8:24  Hydralisk  
  148  8:25  Hydralisk x6  
  148  8:26  Zergling x2  
  143  8:27  Zergling x4  
  139  8:35  Zergling x12  
  145  8:44  Hydralisk x5  
  145  8:45  Evolution Chamber  
  145  8:46  Overseer  
  154  8:50  Zergling x8  
  154  8:52  Baneling x5  
  154  8:54  Zergling x4  
  159  9:03  Drone x6  
  159  9:04  Extractor  
  159  9:05  Zerg Melee Weapons Level 2  
  159  9:06  Extractor  
  162  9:11  Zergling x8  
  162  9:16  Muscular Augments  
  160  9:30  Zergling x20  
  165  9:44  Overlord  
  165  9:45  Overlord  
  165  9:53  Infestation Pit  
  165  9:54  Overlord, Spore Crawler  
  165  9:56  Overlord x2, Hatchery  
  165  9:59  Overlord  
  160  10:08  Zergling x28  
  160  10:09  Hatchery  
  167  10:15  Zergling x18, Spore Crawler  
  167  10:16  Spore Crawler  
  174  10:21  Zerg Missile Weapons Level 1  
  174  10:22  Zergling x2  
  174  10:23  Zergling x2  
  174  10:27  Zergling x6  
  179  10:32  Pathogen Glands, Hive  
  179  10:34  Baneling x4  
  179  10:39  Zergling x10  
  179  10:41  Baneling  
  179  10:42  Baneling x9  
  179  10:52  Zergling x24  
  179  10:54  Zergling x8  
  188  11:00  Zergling x4  
  189  11:06  Zergling x16  
  189  11:09  Drone  
  198  11:15  Zergling x6  
  196  11:33  Zergling x8  
  186  11:43  Zergling x4  
  186  11:44  Zergling x34  
  175  11:49  Pneumatized Carapace  
  175  11:53  Viper x3  
  183  11:56  Viper  
  186  12:04  Overseer  
  186  12:05  Adrenal Glands  
  186  12:08  Baneling x2, Zergling x2  
  186  12:09  Zergling x4  
  186  12:11  Baneling x2  
  189  12:17  Zerg Missile Weapons Level 2  
  189  12:20  Zerg Melee Weapons Level 3  
  189  12:22  Zergling x6  
  191  12:29  Zerg Ground Armor Level 3  
  189  12:32  Zergling x8  
  186  12:47  Zergling x28  
  196  12:52  Lurker Den  
  196  12:58  Drone x6  
  199  13:11  Hatchery  
  198  13:15  Spore Crawler  
  195  13:20  Hatchery, Zergling x12  
  195  13:24  Neural Parasite  
  201  13:27  Spire  
  200  13:46  Hatchery  
  199  13:51  Lurker Den  
  198  13:55  Baneling x2  
  198  13:56  Baneling x2  
  197  14:17  Extractor, Drone x3  
  197  14:18  Extractor  
  197  14:20  Drone  
  197  14:23  Baneling x3  
  199  14:31  Extractor  
  190  14:44  Drone x9  
  197  14:51  Overlord x5  
  197  14:52  Overlord  
  197  14:55  Adaptive Talons  
  197  14:56  Overseer x2  
  197  14:59  Baneling x3  
  197  15:02  Zergling x4  
  191  15:27  Baneling x7  
  191  15:33  Lurker x9  
  191  15:34  Lurker x2  
  200  15:37  Baneling x11  
  200  15:38  Baneling  
  200  15:41  Lurker x2  
  199  15:43  Overseer x2  
  199  15:44  Overseer  
  198  15:50  Hatchery  
  198  15:52  Seismic Spines  
  198  15:55  Baneling  
  198  15:56  Baneling x2  
  197  16:05  Zergling x4  
  197  16:07  Overseer  
  197  16:10  Zerg Missile Weapons Level 3  
  197  16:35  Nydus Network  
  186  16:42  Zergling x2  
  186  16:43  Zergling x30  
  186  16:46  Spore Crawler  
  186  16:47  Baneling x4, Spine Crawler  
  197  16:48  Drone x2  
  197  16:49  Spine Crawler  
  197  16:55  Overseer  
  195  17:23  Nydus Canal  
  195  17:26  Zergling x8  
  171  17:37  Hydralisk x14  
  171  17:38  Hydralisk  
  179  17:44  Hydralisk x3  
  179  17:45  Hydralisk x10  
  179  17:46  Hydralisk x2  
  191  17:52  Drone x2  
  191  17:53  Extractor  
  191  17:54  Extractor  
  191  17:55  Nydus Canal  
  191  17:56  Zergling x14  
  197  17:58  Zergling x8  
  197  18:01  Baneling x3  
  183  18:36  Lurker x17  
  200  18:50  Hatchery  
  200  18:53  Overlord x2, Overseer x5  
  200  18:55  Zergling x2  
  200  19:20  Overseer x6  
  176  19:34  Zergling x52  
  176  19:35  Zergling x2  
  200  19:45  Evolution Chamber x2  
  198  19:58  Extractor  
  197  20:00  Extractor  
  197  20:05  Hatchery  
  197  20:06  Baneling x3  
  197  20:07  Baneling x5  
  195  20:18  Zergling x14  
  172  20:42  Zergling x28  
  175  20:48  Zergling x2  
  168  21:03  Zergling x66  
  199  21:07  Baneling x8  
  199  21:08  Baneling x13  
  199  21:21  Spore Crawler  
  199  21:22  Spine Crawler x2  
  199  21:24  Spore Crawler  
  195  21:38  Overseer x2  
  195  22:02  Overseer x8  
  150  22:23  Infestor  
  150  22:24  Infestor x5  
  150  22:25  Zergling x2  
  150  22:26  Zergling x80  
  199  22:46  Spore Crawler  
  199  22:49  Zergling x2  
  199  22:58  Hatchery  
  199  23:06  Baneling x5  
  185  23:39  Baneling x19  
  185  23:42  Zergling x30  
  200  23:53  Hatchery  
  199  23:56  Zergling x2  
  201  24:08  Overlord  
  197  24:37  Zergling x38  
  173  25:00  Zergling x30  
  173  25:01  Zergling x12  
  173  25:05  Overseer x6  
  164  25:14  Infestor x7  
  164  25:19  Hydralisk x2  
  164  25:20  Hydralisk x3  
  184  25:22  Hydralisk x2  
  184  25:27  Zergling x4  
  188  25:28  Lurker  
  188  25:32  Drone x3  
  188  25:34  Baneling  
  188  25:35  Baneling x12, Hydralisk x3  
  192  25:36  Hydralisk  
  200  25:43  Baneling x3  
  200  25:54  Baneling x2  
  174  26:20  Hydralisk x7  
  174  26:21  Hydralisk x2  
  174  26:25  Zergling x24  
  190  26:51  Hydralisk  
  190  26:52  Hydralisk x9  
  195  27:02  Lurker x5  
  195  27:04  Baneling x10  
  200  27:12  Spore Crawler  
  200  27:13  Spore Crawler  
  198  27:31  Overseer x2  
  198  27:32  Overlord x3, Overseer x4  
  198  27:35  Hatchery  
  193  28:02  Zergling x6  
  196  28:11  Overlord  
  196  28:47  Lurker x2  
  196  28:48  Lurker  
  199  29:00  Extractor  
  199  29:01  Extractor  
  199  29:02  Spine Crawler x2, Spore Crawler  
  191  29:19  Hydralisk x4  
  199  29:30  Overseer x11  
  195  29:51  Zergling x8  
  195  30:08  Lurker x3, Spore Crawler x2  
  195  30:40  Zergling x12  
  162  31:10  Overseer x7  
  152  31:12  Hydralisk x17  
  152  31:16  Hydralisk x4  
  152  31:18  Hydralisk x3  
  178  31:26  Hydralisk x2  
  178  31:29  Evolution Chamber  
  178  31:31  Evolution Chamber x2  
  178  31:32  Hatchery, Evolution Chamber  
  162  31:48  Hydralisk x3  
  162  31:50  Lurker x14  
  162  31:51  Zergling x38  
  191  31:57  Baneling x5  
  191  31:58  Baneling, Zergling x4  
  191  32:00  Zergling x4  
  194  32:04  Zergling x2  
  194  32:05  Hatchery, Zergling x4  
  194  32:06  Zergling x2  
  194  32:11  Hydralisk  
  194  32:12  Hydralisk x3  
  183  32:18  Viper x3  
  187  32:29  Infestor x9  
  192  32:30  Infestor  
  195  32:44  Infestor x2  
  193  33:06  Drone  
  194  33:13  Baneling x7  
  194  33:17  Hydralisk x2  
  194  33:18  Spore Crawler  
  194  33:19  Spore Crawler  
  196  33:20  Zergling x4  
  196  33:22  Zergling x2  
  198  33:36  Viper  
  194  33:58  Viper x2, Spore Crawler  
  194  33:59  Spore Crawler x2  
  197  34:03  Spore Crawler  
  194  34:35  Evolution Chamber  
  194  34:36  Evolution Chamber  
  194  34:37  Evolution Chamber  
  194  34:38  Evolution Chamber  
  190  34:39  Evolution Chamber  
  190  34:40  Spore Crawler x2  
  190  34:41  Viper x5, Spore Crawler x3  
  190  34:42  Spore Crawler x3  
  190  34:43  Spore Crawler  
  190  34:45  Hydralisk, Spore Crawler  
  194  34:46  Hydralisk x2  
  198  35:08  Lurker x2  
  195  35:38  Lurker  
  195  35:39  Lurker x4  
  200  36:04  Burrow  
  133  36:56  Hydralisk  
  133  37:00  Hydralisk x3  
  138  37:05  Hydralisk x7  
  152  37:21  Zergling x2  
  152  37:22  Zergling x30  
  159  37:26  Hydralisk x3  
  159  37:27  Hydralisk x2  
Show
View Real Time Build Order
Export as new Build Order

Oliveira Terran - Winner!

Build Orders: Reaper Expand 

Get SALT Encoding   

  12  0:00  SCV  
  13  0:12  SCV  
  14  0:17  Supply Depot  
  14  0:24  SCV  
  15  0:39  SCV  
  15  0:40  Barracks  
  16  0:44  Refinery  
  16  0:51  SCV  
  17  1:03  SCV  
  18  1:15  SCV  
  19  1:29  Orbital Command, Reaper  
  20  1:38  Command Center  
  20  1:50  Supply Depot  
  20  1:54  SCV  
  21  2:02  Barracks Reactor  
  21  2:06  SCV  
  22  2:17  Command Center  
  22  2:19  SCV  
  23  2:31  Barracks, SCV  
  24  2:41  Refinery  
  24  2:43  SCV  
  25  2:46  Factory  
  25  2:51  Orbital Command  
  25  2:57  SCV  
  26  3:00  Marine x2  
  28  3:09  SCV  
  29  3:17  SCV  
  29  3:18  Marine x2  
  29  3:19  Barracks Tech Lab  
  32  3:21  SCV  
  33  3:29  SCV  
  33  3:30  Orbital Command  
  33  3:33  SCV  
  35  3:40  Stimpack  
  35  3:41  SCV  
  36  3:42  Starport  
  36  3:45  Factory Reactor, SCV  
  36  3:47  Marine x2  
  39  3:48  Marine  
  39  3:53  SCV  
  41  3:56  SCV  
  41  3:57  SCV  
  43  4:02  Supply Depot  
  43  4:05  Marine, SCV  
  43  4:06  Marine  
  43  4:08  Marine, SCV  
  43  4:09  SCV  
  49  4:17  SCV  
  49  4:20  SCV  
  49  4:21  SCV  
  49  4:23  Marine  
  53  4:25  Marine, Supply Depot  
  53  4:26  Marine  
  53  4:27  Medivac x2  
  53  4:29  SCV  
  60  4:33  SCV x2  
  62  4:40  Marine  
  62  4:43  Marine  
  62  4:44  Marine, Factory Reactor  
  62  4:45  Engineering Bay, SCV  
  66  4:46  Engineering Bay, Refinery x2  
  66  4:47  SCV  
  67  4:55  SCV  
  67  4:56  Supply Depot  
  67  4:57  SCV  
  67  4:58  Marine  
  67  4:59  SCV  
  71  5:01  Marine, Barracks  
  71  5:04  Marine  
  73  5:13  Orbital Command, SCV  
  74  5:14  Terran Infantry Armor Level 1, Terran Infantry Weapons Level 1  
  74  5:17  Starport Reactor  
  74  5:20  Supply Depot  
  74  5:21  Marine  
  74  5:22  Marine  
  74  5:24  Combat Shield  
  76  5:28  Barracks x2  
  71  5:35  Marine  
  71  5:37  SCV  
  71  5:39  Marine  
  71  5:40  Marine, SCV x2, Widow Mine x2  
  78  5:49  Marine x2, SCV  
  81  5:52  SCV, Supply Depot  
  81  5:53  Marine, SCV  
  84  5:57  Marine  
  84  5:58  Medivac x2  
  84  6:01  SCV  
  84  6:04  Widow Mine  
  92  6:05  SCV  
  92  6:07  Supply Depot  
  93  6:14  Marine x4, Widow Mine, SCV x2  
  93  6:15  Armory  
  93  6:17  Supply Depot  
  101  6:20  Barracks Reactor x2  
  101  6:24  Refinery  
  101  6:28  Marine, SCV  
  101  6:29  Widow Mine  
  101  6:31  Medivac  
  109  6:34  Marine  
  109  6:35  SCV  
  109  6:36  Factory  
  109  6:38  Marine  
  110  6:40  Marine  
  110  6:42  SCV x2  
  110  6:43  Supply Depot  
  113  6:47  Marine  
  113  6:51  Marine  
  113  6:52  Marine  
  113  6:54  SCV  
  117  7:00  Supply Depot  
  117  7:01  Supply Depot  
  117  7:02  Command Center  
  117  7:04  Marine x3  
  117  7:05  Marine x2, SCV x2  
  124  7:09  Marine  
  125  7:18  Marine x2  
  125  7:21  Widow Mine  
  125  7:22  Marine x4  
  126  7:23  Marine x2, Factory Tech Lab  
  126  7:25  Widow Mine  
  126  7:26  Marine  
  126  7:28  SCV  
  132  7:36  Marine x2  
  125  7:37  Medivac x2  
  125  7:38  Terran Infantry Weapons Level 2, Terran Infantry Armor Level 2  
  125  7:40  Marine x2  
  125  7:43  Marine  
  130  7:47  Marine x2  
  130  7:49  Drilling Claws, Widow Mine x2  
  130  7:50  Widow Mine  
  136  7:52  Marine, Refinery  
  136  7:57  Sensor Tower  
  135  7:59  Marine x2  
  135  8:01  SCV  
  135  8:04  Marine, Terran Vehicle Weapons Level 1  
  135  8:05  Marine  
  140  8:06  Marine  
  140  8:10  Supply Depot  
  141  8:14  Marine, Medivac x2  
  146  8:23  Marine  
  146  8:24  Marine  
  146  8:26  Marine  
  132  8:29  Marine x2  
  132  8:31  Siege Tank, Widow Mine x2  
  135  8:34  Marine  
  135  8:39  Marine x2  
  138  8:44  Barracks  
  138  8:45  Marine, Medivac x2  
  138  8:46  Marine, Barracks x2  
  143  8:51  Marine, SCV  
  143  8:53  Marine  
  143  8:54  Marine  
  143  8:55  Widow Mine x2  
  151  8:59  Planetary Fortress, Supply Depot  
  151  9:00  Marine  
  152  9:03  Marine  
  153  9:12  Marine  
  153  9:13  Marine  
  153  9:15  Medivac  
  157  9:19  Marine x2  
  157  9:20  Marine x2  
  157  9:21  Siege Tank  
  157  9:22  Widow Mine x2  
  160  9:25  Marine x2  
  160  9:29  Marine  
  160  9:30  Marine  
  158  9:34  Marine  
  158  9:35  Barracks Tech Lab x2  
  158  9:37  SCV x2  
  162  9:38  Command Center  
  162  9:40  Marine  
  162  9:42  Barracks Tech Lab  
  162  9:43  SCV  
  162  9:44  Supply Depot  
  162  9:45  Marine x4  
  157  9:46  Widow Mine x2  
  157  9:49  Marine  
  157  9:52  Liberator  
  166  9:53  Liberator  
  166  9:54  Concussive Shells  
  166  9:56  Siege Tank  
  172  10:06  Marine x3  
  173  10:08  Marine x4, Marauder x2  
  180  10:20  Supply Depot  
  180  10:21  Supply Depot  
  180  10:23  Supply Depot  
  180  10:25  Terran Infantry Weapons Level 3  
  180  10:26  Marine x3  
  180  10:27  Widow Mine x2  
  187  10:29  SCV  
  187  10:30  Sensor Tower  
  187  10:35  Marauder  
  188  10:37  SCV  
  188  10:40  Marine  
  188  10:41  Marine  
  188  10:42  Marauder x2  
  191  10:55  Marine x2  
  191  10:56  Marauder  
  191  10:58  Marine x2, Marauder  
  191  10:59  Siege Tank  
  191  11:00  Widow Mine  
  199  11:06  Marine x3  
  199  11:09  Terran Infantry Armor Level 3  
  199  11:10  Terran Vehicle Weapons Level 2  
  196  11:14  Ghost Academy, Refinery x2  
  194  11:24  Marine  
  194  11:25  Marine  
  198  11:32  Marine x2  
  197  11:34  Widow Mine  
  197  11:38  Factory  
  184  11:40  Command Center  
  184  11:43  Marine x4  
  184  11:45  Siege Tank  
  184  11:46  Ghost x3  
  164  11:48  Marine x2  
  164  11:49  Marine  
  164  11:50  Marine  
  164  11:51  Marine  
  169  11:55  SCV  
  169  11:56  Planetary Fortress  
  169  11:58  Command Center  
  170  12:09  Ghost  
  170  12:11  Personal Cloaking  
  170  12:14  Ghost  
  170  12:15  Marine  
  174  12:16  Ghost x2  
  179  12:26  Siege Tank, Factory Tech Lab  
  179  12:27  Widow Mine  
  179  12:29  SCV  
  185  12:30  SCV  
  185  12:35  Widow Mine  
  185  12:36  Liberator  
  188  12:38  Ghost  
  177  12:47  Siege Tank  
  174  12:55  Ghost, Widow Mine  
  174  12:56  Ghost, Missile Turret  
  177  13:02  Refinery x2  
  177  13:03  Command Center  
  177  13:15  Missile Turret  
  177  13:16  Missile Turret  
  177  13:17  Siege Tank  
  177  13:18  Missile Turret  
  180  13:20  Siege Tank, Widow Mine x2  
  180  13:21  Ghost x2  
  189  13:34  Terran Vehicle Weapons Level 3  
  189  13:35  Infernal Pre-Igniter  
  189  13:41  Planetary Fortress  
  189  13:44  Widow Mine  
  189  13:45  Widow Mine  
  191  13:50  Orbital Command, Missile Turret  
  191  13:51  Missile Turret  
  191  13:52  Siege Tank  
  194  13:56  Siege Tank  
  197  14:15  Widow Mine x2  
  199  14:20  Command Center  
  199  14:21  Command Center  
  191  14:41  Siege Tank x2  
  191  14:42  Hellion  
  191  14:43  Hellion  
  191  14:45  Orbital Command  
  188  14:47  Command Center  
  188  15:04  Command Center, Missile Turret  
  188  15:07  Missile Turret  
  188  15:13  Hellion  
  188  15:14  Siege Tank, Hellion  
  187  15:19  Neosteel Armor, Hi-Sec Auto Tracking  
  190  15:28  Siege Tank  
  193  15:41  Hellion x2  
  197  15:42  Orbital Command  
  197  15:46  Siege Tank  
  197  15:51  Missile Turret  
  197  16:02  Planetary Fortress, Sensor Tower  
  197  16:03  Missile Turret  
  197  16:05  Siege Tank, Missile Turret  
  197  16:11  Terran Vehicle And Ship Armor Level 1  
  200  16:14  Orbital Command  
  200  16:16  Nuke  
  200  16:25  Missile Turret  
  200  16:32  Factory, Starport  
  200  16:33  Factory  
  200  16:37  Marauder x2  
  192  16:42  Fusion Core  
  192  16:43  Siege Tank x2  
  194  17:05  Hellion x2  
  194  17:06  Liberator  
  175  17:44  Siege Tank x2  
  175  17:49  Starport Reactor  
  175  17:50  Starport Reactor  
  173  17:52  Hellion x2  
  177  18:05  Factory Tech Lab, Factory Reactor, Advanced Ballistics  
  177  18:19  Missile Turret  
  172  18:20  Missile Turret  
  172  18:21  Siege Tank  
  172  18:24  Hellion  
  172  18:27  Liberator x3  
  151  18:28  Siege Tank  
  151  18:29  Siege Tank, Ghost x4  
  151  18:30  Liberator  
  151  18:31  Orbital Command, Terran Vehicle And Ship Armor Level 2  
  151  18:32  Orbital Command  
  173  18:36  Missile Turret  
  173  18:37  Missile Turret  
  173  18:38  Command Center  
  173  18:39  Sensor Tower  
  173  18:40  Command Center  
  173  18:42  Missile Turret  
  173  18:45  Missile Turret  
  173  18:52  Hellion x3  
  179  18:57  Missile Turret  
  179  18:58  Marauder x2  
  179  18:59  Sensor Tower, Missile Turret  
  183  19:06  Missile Turret  
  183  19:09  Liberator  
  183  19:10  Liberator, Refinery x2  
  189  19:23  Liberator  
  190  19:30  Liberator  
  168  19:32  Siege Tank x3  
  177  19:39  Missile Turret x3  
  177  19:43  Refinery x2  
  177  19:48  Armory  
  177  19:51  Orbital Command x2  
  177  19:54  Liberator  
  180  20:20  Liberator x2  
  186  20:21  Thor x2  
  185  20:38  Ghost x2  
  185  20:41  Liberator x2  
  192  20:43  Thor  
  192  21:01  Terran Vehicle And Ship Armor Level 3, Terran Ship Weapons Level 1  
  192  21:03  Liberator  
  195  21:08  Nuke  
  195  21:13  Siege Tank  
  198  21:27  Missile Turret x2, Smart Servos  
  198  21:30  Sensor Tower  
  198  21:56  Missile Turret x2  
  198  21:57  Missile Turret  
  198  22:11  Orbital Command  
  174  22:23  Siege Tank x3  
  174  22:25  Hellion x3  
  174  22:27  Liberator  
  174  22:28  Liberator  
  195  22:37  Liberator, Missile Turret x2  
  195  22:39  Ghost, Missile Turret  
  200  23:00  Sensor Tower  
  200  23:02  Nuke  
  200  23:14  Missile Turret  
  200  23:17  Command Center  
  200  23:19  Hellion x3  
  194  23:45  Planetary Fortress  
  194  23:50  Nuke  
  194  24:10  Missile Turret  
  194  24:13  Terran Ship Weapons Level 2  
  194  24:39  Siege Tank  
  194  24:40  Siege Tank, Missile Turret  
  194  24:44  Missile Turret  
  200  24:51  Missile Turret  
  186  25:00  Siege Tank  
  164  25:15  Siege Tank x2  
  164  25:16  Liberator x2  
  164  25:17  Liberator x2  
  164  25:20  Ghost  
  178  25:26  Planetary Fortress  
  178  25:44  Missile Turret  
  178  25:46  Missile Turret x2  
  178  25:47  Missile Turret x2  
  178  25:54  Rapid Reignition System  
  178  25:59  Medivac, Liberator  
  178  26:00  Medivac, Liberator  
  164  26:20  Siege Tank x3  
  164  26:21  Hellion x2  
  177  26:29  Liberator  
  177  26:30  Liberator, Missile Turret  
  177  26:31  Missile Turret  
  183  26:40  Missile Turret  
  183  26:41  Missile Turret  
  183  26:42  Liberator, Missile Turret  
  183  26:43  Sensor Tower  
  177  26:55  Liberator  
  180  27:08  Siege Tank x2  
  186  27:14  Missile Turret  
  186  27:23  Missile Turret  
  186  27:24  Refinery, Missile Turret  
  186  27:25  Refinery  
  186  27:27  Liberator x2  
  192  27:30  Missile Turret  
  192  27:34  Missile Turret  
  192  27:35  Missile Turret  
  192  27:38  Missile Turret  
  192  27:40  Thor, Missile Turret x2  
  192  27:41  Thor  
  196  28:26  Ghost x2  
  182  28:34  Liberator x2  
  182  28:35  Liberator x2  
  182  28:37  Siege Tank x2  
  200  28:43  Missile Turret  
  200  28:44  Nuke  
  200  28:46  Terran Ship Weapons Level 3  
  200  28:54  Ghost Academy  
  200  29:09  Hellion  
  191  29:40  Siege Tank x2  
  197  29:47  Nuke x2  
  197  29:50  Ghost  
  196  30:01  Siege Tank  
  168  31:08  Ghost x3  
  153  31:14  Medivac x2  
  153  31:17  Ghost  
  146  31:22  Medivac  
  146  31:23  Medivac  
  146  31:24  Hellion x3  
  146  31:25  Hellion  
  158  31:26  Siege Tank x3  
  167  31:36  Missile Turret  
  167  31:38  Missile Turret  
  152  31:50  Ghost x3, Missile Turret  
  152  31:51  Missile Turret  
  152  31:52  Hellion x2  
  152  31:53  Liberator, Hellion  
  167  32:02  Siege Tank  
  170  32:13  Hellion x2  
  161  32:17  Ghost  
  161  32:20  Siege Tank, Liberator x2  
  161  32:21  Orbital Command  
  157  32:32  Liberator  
  158  32:40  Liberator  
  158  32:42  Hellion x2  
  165  32:56  Hellion x2  
  163  33:08  Siege Tank x3  
  173  33:13  Hellion x2  
  173  33:26  Command Center  
  173  33:27  SCV  
  168  33:39  Liberator x2  
  167  33:44  Hellion  
  167  33:46  Liberator  
  167  33:47  SCV x2  
  167  33:48  SCV x4  
  174  33:58  Ghost  
  174  34:00  SCV  
  177  34:07  Missile Turret x2  
  177  34:08  Siege Tank, Ghost  
  182  34:10  SCV x4  
  182  34:11  Missile Turret  
  182  34:14  SCV  
  187  34:28  Siege Tank x2, Liberator x2  
  199  34:50  Orbital Command  
  199  34:59  Nuke x2  
  193  35:06  Missile Turret x2  
  193  35:07  Missile Turret x2  
  193  35:08  Sensor Tower, Missile Turret  
  183  35:31  Liberator x2  
  183  35:35  Orbital Command  
  183  35:38  Siege Tank x2  
  186  35:44  Refinery  
  186  35:45  Refinery  
  186  35:48  Siege Tank  
  187  36:17  Ghost x2  
  187  36:18  Ghost  
  182  36:26  Ghost  
  182  36:28  Thor  
  183  36:44  Siege Tank x2  
  183  36:46  Ghost x2  
  166  36:47  Liberator x2  
  169  36:56  Ghost x2  
  168  37:05  Liberator x2  
  174  37:14  Ghost  
  176  37:29  Missile Turret  
  173  37:38  Missile Turret  
  173  37:39  Missile Turret  

Tags
 
Add a new tag
Caveats
  • Supply blocks, unpowered buildings, or Contaminate may cause inaccurate times.
  • Supply counts are checked every 10 seconds.